 Dungeon Crawl Stone Soup version 0.29-a0-520-gc852659d43 (webtiles) character file.

Game seed: 201894151025428941

4 Glaciallarry the Grave Robber (level 1, 0/13 HPs)
             Began as a Demonspawn Necromancer on May 31, 2022.
             Succumbed to a kobold's poison
             ... on level 1 of the Dungeon.
             The game lasted 00:01:03 (42 turns).

Glaciallarry the Grave Robber (DsNe)                  Turns: 42, Time: 00:01:03

Health: 0/13       AC:  2    Str:  8    XL:     1   Next: 50%
Magic:  0/3        EV: 12    Int: 16    God:
Gold:   0          SH:  0    Dex: 13    Spells: 3/4 levels left

rFire   . . .      SeeInvis .   (no weapon)
rCold   . . .      Faith    .   (no shield)
rNeg    . . .      Spirit   .   a - +0 robe
rPois   .          Reflect  .   (no helmet)
rElec   .          Harm     .   (no cloak)
rCorr   .          Rampage  .   (no gloves)
Will    .....                   (no boots)
Stlth   ++........              (no amulet)
HPRegen 0.04/turn               (no ring)
MPRegen 0.08/turn               (no ring)

@: lethally poisoned (0 -> -2)
A: no striking features
a: no special abilities


You were on level 1 of the Dungeon.
You visited 1 branch of the dungeon, and saw 1 of its levels.

Inventory:

Armour
 a - a +0 robe (worn)
Potions
 b - a potion of magic


   Skills:
 - Level 1.7 Dodging
 - Level 2.0 Stealth
 + Level 2.2 Spellcasting
 - Level 4.3 Necromancy


You had 3 spell levels left.
You knew the following spells:

 Your Spells              Type           Power      Damage    Failure   Level
a - Necrotize             Necr           60%        1d7       3%          1

Your spell library contained the following spells:

 Spells                   Type           Power      Damage    Failure   Level
 Vampiric Draining        Necr           15%        2d7       10%         3
 Animate Dead             Necr           15%        N/A       32%         4
 Agony                    Necr           15%        N/A       67%         5


Dungeon Overview and Level Annotations

Branches:
Dungeon (1/15)

Altars:


Message History

Found a stone staircase leading down.
An endoplasm and a frilled lizard come into view.
The frilled lizard hisses angrily.
The frilled lizard writhes in agony!
You kill the frilled lizard!
The dead are walking!
A kobold comes into view.
It is wielding a +0 short sword of venom.
A frilled lizard comes into view.
The frilled lizard hisses angrily.
The endoplasm quivers.
The endoplasm writhes in agony.
You kill the endoplasm!
Training target 2.0 for Stealth reached!
Your Stealth skill increases to level 2!
You need to enable at least one skill for training.
The frilled lizard writhes in agony.
Your frilled lizard skeleton bites the frilled lizard.
The frilled lizard dies!
You hit the kobold but do no damage.
Your frilled lizard skeleton misses the kobold.
The kobold hits you with a +0 short sword of venom.
You are lethally poisoned!
You feel sick. The kobold misses you.
Your frilled lizard skeleton bites the kobold.
You feel sick.
You feel sick.
Aiming: Necrotize (safe; 3% risk of failure)
Press: ? - help, Q - select action Shift-Dir - straight line, f - kobold
Aim: a kobold, wielding a +0 short sword of venom (heavily wounded, ally target, chance to affect: 85%)
The kobold writhes in agony.
You kill the kobold!
The dead are walking!
* * * LOW HITPOINT WARNING * * *
You feel sick.
Okay, then.
* * * LOW HITPOINT WARNING * * *
You feel sick.
* * * LOW HITPOINT WARNING * * *
You feel sick.
You die...

...# ...# ### #### .#.#
#.. ..# .#.#
#.####.###### ...#
#.##........# ...#
#.##........# ...#
#.##........#
++#####.##.....Z..#
...#...........Z@.#####
####.##>................
.....##.####............
####.##.# #..#.##.#####
#.##.# #..#.# .# #.##.#
#..... .. #..... #....##
## ##.#.. ...... .#
.....#.#


You could see a friendly frilled lizard skeleton and a friendly kobold skeleton.

Vanquished Creatures
  An endoplasm (D:1)
  A kobold (D:1)
  A frilled lizard (D:1)
3 creatures vanquished.

Vanquished Creatures (collateral kills)
  A frilled lizard (D:1)
1 creature vanquished.

Grand Total: 4 creatures vanquished

Notes
Turn   | Place    | Note
-------+----------+-------------------------------------------
     0 | D:1      | Glaciallarry the Demonspawn Necromancer began the quest for
                  | the Orb.
     0 | D:1      | Reached XP level 1. HP: 13/13 MP: 3/3
    42 | D:1      | Succumbed to a kobold's poison

Illustrated notes

Levels and vault maps discovered:
D:1:      lemuel_arrival_behind_the_door_large, layout_basic, minmay_cut_off

Skill      XL: |  1 |
---------------+----+-----
Stealth        | 2 |  2.0
Dodging        | |  1.7
Spellcasting   | |  2.2
Necromancy     | |  4.3

Action                   || total
-------------------------++-------
Melee: Unarmed           ||     1
 Cast: Necrotize         ||     4
Dodge: Dodged            ||     1

Table legend: (Time is in decaauts)
 A = Elapsed time spent in this place.
 B = Non-inter-level travel time spent in this place.
 C = Inter-level travel time spent in this place.
 D = Time resting spent in this place.
 E = Time spent auto-exploring this place.
 F = Levels seen in this place.
 G = Mean time per level.
                   A        B        C        D        E       F      G
               +--------+--------+--------+--------+--------+-----+--------+
         Total |     42 |     34 |      8 |      0 |      9 |   1 |   42.0 |
       Dungeon |     42 |     34 |      8 |      0 |      9 |   1 |   42.0 |
               +--------+--------+--------+--------+--------+-----+--------+

Top non-repeatable levels by time:
     D:1: 42 daAuts
